[Event "ICC tourney 2530 (3 2)"]
[Site "Internet Chess Club"]
[Date "2021.04.23"]
[Round "2"]
[White "SILVA, JAVIER:K09-16089208"]
[Black "KUSHALNAGAR, NIRUPAM:K12-17349316"]
[Result "1-0"]
[ICCResult "Black resigns"]
[WhiteElo "1400"]
[BlackElo "1400"]
[Opening "Sicilian: Alapin's variation (2.c3)"]
[ECO "B22"]
[NIC "SI.46"]
[Time "18:21:42"]
[PlyCount "55"]
[TimeControl "180+2"]

1. e4 c5 2. c3 e5 3. Nf3 d6 4. d4 Nc6 5. Bb5 cxd4 6. cxd4 exd4 7. Nxd4 Bd7
8. Nxc6 Bxc6 9. Bxc6+ bxc6 10. O-O Be7 11. Re1 Nf6 12. Nc3 O-O 13. Bg5 Qc7
14. Qc2 Rac8 15. Rac1 Qd7 16. Qd3 Qe6 17. f3 h6 18. Bf4 Rfd8 19. Qa6 Rc7
20. Nb5 Rcd7 21. Nd4 Qe5 22. Bxe5 dxe5 23. Nxc6 Re8 24. Nxe7+ Rexe7 25. Qc4
Nh7 26. Red1 Rb7 27. Rd8+ Nf8 28. Qc8 { Black resigns } 1-0

[Event "ICC tourney 2530 (3 2)"]
[Site "Internet Chess Club"]
[Date "2021.04.23"]
[Round "2"]
[White "SURESH, ISAAC:K09-15949243"]
[Black "BENDRE, SOHAN ANUP:K12-14940058"]
[Result "0-1"]
[ICCResult "White forfeits on time"]
[WhiteElo "1400"]
[BlackElo "1400"]
[Opening "Sicilian: Najdorf"]
[ECO "B90"]
[NIC "SI.14"]
[Time "18:21:38"]
[PlyCount "58"]
[TimeControl "180+2"]

1. e4 c5 2. Nf3 d6 3. d4 cxd4 4. Nxd4 Nf6 5. Nc3 a6 6. Bd3 e6 7. O-O Be7 8.
Bg5 O-O 9. Qd2 b5 10. Nf3 Bb7 11. Rad1 Nbd7 12. Qe2 Rc8 13. h4 h6 14. Bf4
d5 15. exd5 Nxd5 16. Nxd5 Bxd5 17. Be4 Bxe4 18. Qxe4 Nf6 19. Rxd8 Nxe4 20.
Rxf8+ Rxf8 21. Re1 Nc5 22. Rd1 Rd8 23. Rxd8+ Bxd8 24. Bd6 Ne4 25. Bb4 f6
26. Kf1 Kf7 27. Ke2 Bb6 28. g3 Nxf2 29. Ba5 Ba7 { White forfeits on time }
0-1

[Event "ICC tourney 2530 (3 2)"]
[Site "Internet Chess Club"]
[Date "2021.04.23"]
[Round "2"]
[White "RAVAL, MEET:K09-30125723"]
[Black "LEE, JOSHUA:K09-16260353"]
[Result "0-1"]
[ICCResult "White resigns"]
[WhiteElo "1400"]
[BlackElo "1400"]
[Opening "Queen's pawn, Mason variation"]
[ECO "D00"]
[NIC "QP.08"]
[Time "18:22:16"]
[PlyCount "92"]
[TimeControl "180+2"]

1. d4 d5 2. Bf4 Nc6 3. e3 Nf6 4. Nf3 Bf5 5. Bd3 Be4 6. Nc3 e6 7. Bxe4 dxe4
8. Nd2 g6 9. Ncxe4 Nxe4 10. Nxe4 Bg7 11. Bg5 Qd5 12. Nf6+ Bxf6 13. Bxf6
Qxg2 14. Ke2 Qg4+ 15. Ke1 Qxd1+ 16. Kxd1 Rf8 17. Kd2 Kd7 18. Rae1 Rae8 19.
e4 e5 20. d5 Nd4 21. Re3 c6 22. dxc6+ Nxc6 23. Rd3+ Ke6 24. Bg7 Rg8 25. Bh6
g5 26. h4 f6 27. Rb3 Rd8+ 28. Ke2 Nd4+ 29. Ke3 Nxb3 30. hxg5 fxg5 31. cxb3
Rg6 32. f3 Rd6 33. a4 Ke7 34. Rc1 Rxh6 35. Rc7+ Rd7 36. Rxd7+ Kxd7 37. Kd3
Rh3 38. Kc4 g4 39. fxg4 Rg3 40. Kd5 Rxg4 41. Kxe5 h5 42. Kd5 h4 43. e5 Ke7
44. e6 Rb4 45. Ke5 Rxb3 46. Kf5 h3 { White resigns } 0-1

[Event "ICC tourney 2530 (3 2)"]
[Site "Internet Chess Club"]
[Date "2021.04.23"]
[Round "2"]
[White "MUKHERJEE, ADITYA:K12-15344130"]
[Black "JOHN KIM, ANDREW:K09-16142364"]
[Result "1/2-1/2"]
[ICCResult "Black stalemated"]
[WhiteElo "1400"]
[BlackElo "1400"]
[Opening "Caro-Kann: Tartakower (fantasy) variation"]
[ECO "B12"]
[NIC "CK.02"]
[Time "18:21:26"]
[PlyCount "129"]
[TimeControl "180+2"]

1. e4 c6 2. d4 d5 3. f3 g6 4. c4 Nf6 5. Nc3 Bg7 6. Be3 Nbd7 7. cxd5 cxd5 8.
exd5 Nb6 9. Bd3 Nfxd5 10. Nxd5 Nxd5 11. Bf2 O-O 12. Ne2 b6 13. O-O Bb7 14.
Rc1 Re8 15. Qb3 Rc8 16. Bc4 e5 17. dxe5 Rxe5 18. Nc3 Rc7 19. Rcd1 Rd7 20.
Bb5 Rd6 21. Bg3 Nxc3 22. bxc3 Rxd1 23. Rxd1 Rd5 24. Rxd5 Qxd5 25. Qxd5 Bxd5
26. c4 Be6 27. Kf1 Bd4 28. Ke2 f5 29. Kd3 Bf6 30. Bb8 f4 31. Bxa7 Bf5+ 32.
Kd2 Bb1 33. a4 Bf5 34. Bxb6 g5 35. a5 Bc8 36. a6 Bxa6 37. Bxa6 Kg7 38. c5
Be5 39. c6 Kg6 40. Kd3 Bd6 41. Kd4 Kf6 42. Kd5 Ke7 43. c7 Bxc7 44. Bxc7 Kf6
45. Be5+ Kg6 46. Bc8 h6 47. g3 fxg3 48. hxg3 h5 49. Bd7 Kh6 50. Be8 h4 51.
gxh4 gxh4 52. Bh2 Kg5 53. Ke5 h3 54. Bd7 Kh4 55. f4 Kh5 56. f5 Kh6 57. f6
Kh7 58. Ke6 Kg6 59. Ke7 Kh6 60. f7 Kh7 61. Bg3 Kg6 62. f8=Q h2 63. Qg8+ Kh5
64. Bxh2 Kh6 65. Bg4 { Black stalemated } 1/2-1/2

[Event "ICC tourney 2530 (3 2)"]
[Site "Internet Chess Club"]
[Date "2021.04.23"]
[Round "2"]
[White "VIBHAV BONDALAPATI, SRI:K09-16633657"]
[Black "NIRAG SHAH, ARYA:K12-17096474"]
[Result "1/2-1/2"]
[ICCResult "Game drawn because neither player has mating material"]
[WhiteElo "1400"]
[BlackElo "1400"]
[Opening "Sicilian: Sozin, Leonhardt variation"]
[ECO "B88"]
[NIC "SI.26"]
[Time "18:21:25"]
[PlyCount "150"]
[TimeControl "180+2"]

1. e4 c5 2. Nf3 d6 3. Bc4 e6 4. Nc3 Nf6 5. d4 cxd4 6. Nxd4 Nc6 7. Bb5 Bd7
8. O-O a6 9. Bxc6 bxc6 10. Be3 Be7 11. f4 c5 12. Nb3 O-O 13. h3 Bc6 14. e5
Nd5 15. Nxd5 Bxd5 16. exd6 Bxd6 17. Nxc5 Qc7 18. Nd3 Rfc8 19. f5 Qxc2 20.
Qxc2 Rxc2 21. Rf2 Rac8 22. fxe6 fxe6 23. Raf1 Bg3 24. Rxc2 Rxc2 25. Bf2 Bd6
26. Rc1 Rxc1+ 27. Nxc1 Bf4 28. Nb3 e5 29. g3 Bg5 30. Kf1 Kf7 31. Ke2 Be7
32. Kd2 Kg6 33. Be3 Kf5 34. Kd3 Bg2 35. g4+ Kg6 36. h4 Bxh4 37. Nc5 Kf6 38.
Nd7+ Ke6 39. Nf8+ Kd5 40. Kd2 h6 41. Ng6 Bf6 42. b3 Be4 43. Nf8 Bf3 44. Nd7
Bxg4 45. Nxf6+ gxf6 46. Bxh6 f5 47. Ke3 f4+ 48. Kd3 e4+ 49. Kd2 Bf5 50.
Bxf4 Kd4 51. Be3+ Kd5 52. Kc3 Bc8 53. a3 Ke5 54. b4 Kf5 55. Kd4 Bb7 56. a4
Kg4 57. b5 axb5 58. axb5 Kf3 59. Bg1 Kg2 60. Be3 Kf3 61. b6 Ke2 62. Bg1 Kf3
63. Be3 Ke2 64. Bc1 Kf3 65. Be3 Ke2 66. Bh6 Kf3 67. Be3 Ke2 68. Bh6 Kf3 69.
Be3 Ke2 70. Bc1 Kf3 71. Ke5 e3 72. Bxe3 Kxe3 73. Kd6 Kd4 74. Kc7 Be4 75. b7
Bxb7 { Game drawn because neither player has mating material } 1/2-1/2

[Event "ICC tourney 2530 (3 2)"]
[Site "Internet Chess Club"]
[Date "2021.04.23"]
[Round "2"]
[White "GANESH IYER, ARJUN:K09-17350382"]
[Black "ETHAN CHONG, JOSHUA:K09-15110220"]
[Result "0-1"]
[ICCResult "White forfeits on time"]
[WhiteElo "1400"]
[BlackElo "1400"]
[Opening "QGD Slav defense: exchange variation"]
[ECO "D13"]
[NIC "SL.01"]
[Time "18:22:01"]
[PlyCount "60"]
[TimeControl "180+2"]

1. d4 d5 2. c4 c6 3. cxd5 cxd5 4. Bf4 Nc6 5. Nf3 Nf6 6. Nc3 a6 7. e3 Bg4 8.
Be2 Bxf3 9. Bxf3 e6 10. O-O Bd6 11. Bxd6 Qxd6 12. Qd3 O-O 13. Bd1 e5 14.
dxe5 Nxe5 15. Qd4 Rac8 16. Rc1 Rc4 17. Qd2 Rh4 18. g3 Neg4 19. Bxg4 Rxg4
20. f3 Rg6 21. Qd4 h5 22. Rcd1 Rd8 23. Kf2 b5 24. Rd2 h4 25. g4 Qxh2+ 26.
Ke1 Qg3+ 27. Kd1 h3 28. Rh1 Qxf3+ 29. Kc1 Qxh1+ 30. Rd1 Qf3 { White
forfeits on time } 0-1

[Event "ICC tourney 2530 (3 2)"]
[Site "Internet Chess Club"]
[Date "2021.04.23"]
[Round "2"]
[White "T FEDDERSEN, NICHOLAS:K09-17108237"]
[Black "YUMA GRENDA, LUCAS:K12-30158654"]
[Result "1-0"]
[ICCResult "Black forfeits on time"]
[WhiteElo "1400"]
[BlackElo "1433"]
[Opening "Sicilian defense"]
[ECO "B30"]
[NIC "SI.31"]
[Time "18:21:32"]
[PlyCount "97"]
[TimeControl "180+2"]

1. e4 c5 2. Nf3 Nc6 3. g3 e6 4. d3 d5 5. Nbd2 Nf6 6. Bg2 Nd4 7. c3 Nxf3+ 8.
Nxf3 b6 9. exd5 exd5 10. O-O Be7 11. Re1 O-O 12. Qe2 Re8 13. Bg5 Bg4 14. h3
Bh5 15. g4 Bg6 16. Be3 Bd6 17. Qd2 Nd7 18. h4 f6 19. h5 Bf7 20. Nh4 Ne5 21.
Bh3 c4 22. d4 Nd3 23. Re2 Qc7 24. Nf3 Bf4 25. Ne1 Bh2+ 26. Kg2 Nxe1+ 27.
Raxe1 Bd6 28. h6 g6 29. g5 f5 30. Kf3 Re7 31. Bf4 Rxe2 32. Rxe2 Bxf4 33.
Qxf4 Qd7 34. Re5 Be6 35. Qe3 Re8 36. Kg2 a5 37. f4 b5 38. Qe1 Qd6 39. a3
Kf7 40. Kg3 Rb8 41. Bg2 b4 42. a4 bxc3 43. Qxc3 Rb3 44. Qxb3 cxb3 45. Re3
Qb4 46. Rc3 Qxd4 47. Bf1 Bd7 48. Bb5 Ke7 49. Rc7 { Black forfeits on time }
1-0

[Event "ICC tourney 2530 (3 2)"]
[Site "Internet Chess Club"]
[Date "2021.04.23"]
[Round "2"]
[White "KRISHNAN, SAATVIK:K09-15210955"]
[Black "KIM, LEO:K09-17247615"]
[Result "1-0"]
[ICCResult "Black checkmated"]
[WhiteElo "1400"]
[BlackElo "1400"]
[Opening "English opening"]
[ECO "A22"]
[NIC "EO.10"]
[Time "18:21:35"]
[PlyCount "103"]
[TimeControl "180+2"]

1. c4 e5 2. Nc3 Nf6 3. d3 Bc5 4. Nf3 Nc6 5. Bg5 O-O 6. e3 Bb4 7. a3 Bxc3+
8. bxc3 d6 9. d4 Bf5 10. dxe5 dxe5 11. Qxd8 Raxd8 12. Bxf6 gxf6 13. Nd2 a6
14. O-O-O Rd7 15. Be2 Rb8 16. g4 Bg6 17. f4 f5 18. gxf5 Bxf5 19. e4 Rxd2
20. Rxd2 Bxe4 21. Rg1+ Kh8 22. fxe5 Nxe5 23. Re1 Bf3 24. Bd1 Bxd1 25. Rxe5
Bg4 26. Re7 Be6 27. Rxc7 Kg7 28. Rd6 b5 29. Rxe6 Kg8 30. Ree7 Rf8 31. cxb5
axb5 32. Rb7 h5 33. Rxb5 f5 34. Rbb7 Rd8 35. Rg7+ Kf8 36. Rbf7+ Ke8 37.
Rg8+ Kxf7 38. Rxd8 Kg6 39. a4 f4 40. a5 f3 41. Rd2 Kf5 42. a6 Ke4 43. a7
Ke3 44. a8=Q f2 45. Qe8+ Kf3 46. Qe2+ Kf4 47. Qxf2+ Ke4 48. Rd4+ Ke5 49.
Qf4+ Ke6 50. Rd6+ Ke7 51. Qf6+ Ke8 52. Rd8# { Black checkmated } 1-0

[Event "ICC tourney 2530 (3 2)"]
[Site "Internet Chess Club"]
[Date "2021.04.23"]
[Round "2"]
[White "DENIZ ILBARS, ATA:K12-30129801"]
[Black "P CHABUKSWAR, VED:K09-17181828"]
[Result "1-0"]
[ICCResult "Black forfeits on time"]
[WhiteElo "1400"]
[BlackElo "1400"]
[Opening "Vienna gambit"]
[ECO "C29"]
[NIC "VG.04"]
[Time "18:22:16"]
[PlyCount "63"]
[TimeControl "180+2"]

1. e4 e5 2. Nc3 Nf6 3. f4 d6 4. Nf3 Nc6 5. Bb5 a6 6. Bxc6+ bxc6 7. fxe5
dxe5 8. Nxe5 Bc5 9. d3 h6 10. Nxc6 Qd6 11. Na5 Bg4 12. Qd2 O-O 13. Nc4 Qe6
14. b3 Rad8 15. h3 Bh5 16. g4 Bxg4 17. hxg4 Nxg4 18. Qf4 Bf2+ 19. Ke2 Bd4
20. Bb2 Ne5 21. Ne3 Ng6 22. Qxc7 Bxe3 23. Kxe3 Qg4 24. Raf1 Rde8 25. Rhg1
Qe6 26. Kd2 Rd8 27. Kc1 Ne5 28. Kb1 Nxd3 29. cxd3 Rxd3 30. Nd5 Kh8 31. Rxg7
Rg8 32. Rg6+ { Black forfeits on time } 1-0

[Event "ICC tourney 2530 (3 2)"]
[Site "Internet Chess Club"]
[Date "2021.04.23"]
[Round "2"]
[White "XU, JAYDEN:K12-15918365"]
[Black "XIONG, LANG:K09-16344675"]
[Result "0-1"]
[ICCResult "White forfeits on time"]
[WhiteElo "1400"]
[BlackElo "1400"]
[Opening "King's Indian: Kramer system"]
[ECO "E70"]
[NIC "KI.31"]
[Time "18:21:23"]
[PlyCount "96"]
[TimeControl "180+2"]

1. d4 Nf6 2. c4 g6 3. Nc3 Bg7 4. e4 d6 5. Nge2 O-O 6. Ng3 e5 7. d5 Nbd7 8.
Be2 Nb6 9. h4 h5 10. Bg5 Qe8 11. Qd2 Ng4 12. f3 Nf6 13. O-O-O Nfd7 14. Rdg1
Nc5 15. Nf1 Kh7 16. g4 f6 17. Be3 Rg8 18. Ng3 Bd7 19. gxh5 gxh5 20. f4 exf4
21. Bxf4 f5 22. Bxh5 Bxc3 23. Qxc3 Nxe4 24. Bxe8 Nxc3 25. Bxd7 Nxa2+ 26.
Kb1 Nxd7 27. Kxa2 Rg4 28. Rf1 Rag8 29. Nxf5 Rf8 30. Ne3 Rgxf4 31. Rxf4 Rxf4
32. Ng2 Rxc4 33. b3 Re4 34. Ka3 Nc5 35. Rf1 Kg6 36. Nf4+ Kh6 37. b4 Re3+
38. Kb2 Na4+ 39. Kc2 Rc3+ 40. Kd2 Rc4 41. Nd3 Rxh4 42. Rf6+ Kg5 43. Rf7 Rc4
44. Rg7+ Kf6 45. Rh7 Nb6 46. Rh8 Nxd5 47. Ra8 a6 48. Rb8 Nxb4 { White
forfeits on time } 0-1

[Event "ICC tourney 2530 (3 2)"]
[Site "Internet Chess Club"]
[Date "2021.04.23"]
[Round "2"]
[White "RODIC, ELLIOT:K09-16510635"]
[Black "CHA, SAMUEL:K12-30048965"]
[Result "0-1"]
[ICCResult "White resigns"]
[WhiteElo "1400"]
[BlackElo "1165"]
[Opening "French: advance, Paulsen attack"]
[ECO "C02"]
[NIC "FR.03"]
[Time "18:21:42"]
[PlyCount "96"]
[TimeControl "180+2"]

1. e4 e6 2. d4 d5 3. e5 c5 4. c3 Nc6 5. Nf3 Qb6 6. Be3 Bd7 7. Qc2 Nh6 8.
Nbd2 Nf5 9. Bg5 cxd4 10. cxd4 Nfxd4 11. Nxd4 Nxd4 12. Qc1 Rc8 13. Qb1 Nc2+
14. Kd1 Nxa1 15. Qxa1 h6 16. Be3 Bc5 17. Ke2 Bxe3 18. fxe3 Bb5+ 19. Kf2
Bxf1 20. Rxf1 d4 21. Re1 O-O 22. b3 dxe3+ 23. Rxe3 Rc2 24. Qd1 Rfc8 25. Kf3
R8c3 26. Nc4 Qc6+ 27. Kf4 Rxe3 28. Kxe3 Rxa2 29. Qd8+ Kh7 30. Qd3+ g6 31.
Qd6 Qxg2 32. Qb8 Qe2+ 33. Kd4 Qf2+ 34. Kc3 Qf3+ 35. Kd4 Ra1 36. Qf8 Rd1+
37. Kc5 Qc6+ 38. Kb4 Rf1 39. Qe7 Rf4 40. Kc3 Kg7 41. Qd8 b5 42. Qd6 Qc8 43.
Qd3 bxc4 44. bxc4 Qb7 45. Qc2 Rf3+ 46. Qd3 Rxd3+ 47. Kxd3 a5 48. Kc3 a4 {
White resigns } 0-1

[Event "ICC tourney 2530 (3 2)"]
[Site "Internet Chess Club"]
[Date "2021.04.23"]
[Round "2"]
[White "SHETTY, DARSH:K09-16728985"]
[Black "VENKATESH NATARAJAN, ARAVINTH:K12-17300200"]
[Result "0-1"]
[ICCResult "White checkmated"]
[WhiteElo "1400"]
[BlackElo "1400"]
[Opening "Sicilian: Taimanov variation"]
[ECO "B48"]
[NIC "SI.41"]
[Time "18:22:00"]
[PlyCount "138"]
[TimeControl "180+2"]

1. e4 c5 2. Nf3 e6 3. d4 cxd4 4. Nxd4 a6 5. Nc3 Nc6 6. Be3 Qc7 7. f3 Nf6 8.
Be2 b5 9. a3 Bb7 10. O-O Be7 11. Qd2 Rc8 12. Rad1 O-O 13. Kh1 Ne5 14. f4
Nc4 15. Bxc4 Qxc4 16. e5 Ne4 17. Nxe4 Bxe4 18. c3 a5 19. Qe2 g6 20. Qxc4
bxc4 21. Nf3 Bd3 22. Rfe1 Rb8 23. Rd2 Rb3 24. Red1 Rfb8 25. Ne1 Rxb2 26.
Nxd3 Rxd2 27. Bxd2 cxd3 28. Be3 Bxa3 29. Rxd3 Rb1+ 30. Bg1 Bc5 31. h3 Rxg1+
32. Kh2 Rc1 33. Rxd7 Rxc3 34. Rd8+ Kg7 35. g4 Be3 36. Ra8 Bxf4+ 37. Kg2
Bxe5 38. Rxa5 Kf6 39. Ra2 Rg3+ 40. Kf1 Rxh3 41. Rf2+ Kg7 42. Rg2 Rg3 43.
Rxg3 Bxg3 44. Kg2 Be5 45. Kf3 g5 46. Ke4 Kf6 47. Kf3 Bb8 48. Kg2 Kg6 49.
Kh3 f5 50. gxf5+ exf5 51. Kg2 h5 52. Kh3 g4+ 53. Kg2 Kg5 54. Kg1 h4 55. Kg2
f4 56. Kg1 h3 57. Kh2 Kh4 58. Kg1 Kg3 59. Kh1 f3 60. Kg1 f2+ 61. Kf1 h2 62.
Ke2 h1=Q 63. Ke3 Ba7+ 64. Ke2 f1=Q+ 65. Kd2 Qd1+ 66. Kc3 Qc6+ 67. Kb4 Qb1+
68. Ka5 Qcb6+ 69. Ka4 Q6b4# { White checkmated } 0-1

[Event "ICC tourney 2530 (3 2)"]
[Site "Internet Chess Club"]
[Date "2021.04.23"]
[Round "2"]
[White "GELDIYEV, MEKAN:K12-30158418"]
[Black "GHODAKE, SPARSH:K09-16884947"]
[Result "1-0"]
[ICCResult "Black checkmated"]
[WhiteElo "1400"]
[BlackElo "1300"]
[Opening "Caro-Kann defense"]
[ECO "B10"]
[NIC "CK.01"]
[Time "18:21:39"]
[PlyCount "115"]
[TimeControl "180+2"]

1. e4 c6 2. Nf3 d5 3. exd5 cxd5 4. d4 Nc6 5. Nc3 Bf5 6. Bb5 Nf6 7. Ne5 Bd7
8. Nxd7 Qxd7 9. Bxc6 bxc6 10. Qf3 e6 11. O-O Bd6 12. Bg5 Be7 13. Rae1 O-O
14. Re3 h6 15. Bxf6 Bxf6 16. Ne2 Qe7 17. c3 g6 18. Qh3 Bg7 19. Nf4 Rab8 20.
b4 Ra8 21. Qg4 Kh7 22. h4 a5 23. h5 g5 24. Nh3 axb4 25. cxb4 Rxa2 26. f4 f5
27. Qg3 Bxd4 28. fxg5 Bxe3+ 29. Qxe3 Rfa8 30. g6+ Kg7 31. Qe5+ Qf6 32. Qc7+
Kg8 33. Qxc6 Qd4+ 34. Kh1 Rxg2 35. Qxe6+ Kh8 36. Kxg2 Ra2+ 37. Kh1 Qe4+ 38.
Qxe4 dxe4 39. Rxf5 Ra3 40. Kg2 Ra2+ 41. Kf1 Ra3 42. Ng1 Rb3 43. b5 Rb4 44.
Ne2 Rb1+ 45. Kf2 Rb2 46. Re5 Kg7 47. Re7+ Kg8 48. Rxe4 Rxb5 49. Re7 Rxh5
50. Nf4 Rf5 51. Kg3 Rg5+ 52. Kh4 Rg1 53. Kh5 Rh1+ 54. Kg4 Rg1+ 55. Kf5 Kf8
56. Kf6 Rg4 57. Ne6+ Kg8 58. Re8# { Black checkmated } 1-0

[Event "ICC tourney 2530 (3 2)"]
[Site "Internet Chess Club"]
[Date "2021.04.23"]
[Round "2"]
[White "KOLLIPARA, AMOGH:K09-15294780"]
[Black "AMERINENI, SUNKRITH:K09-17355682"]
[Result "1-0"]
[ICCResult "Black resigns"]
[WhiteElo "1400"]
[BlackElo "1400"]
[Opening "Queen's pawn game"]
[ECO "A45"]
[NIC "QP.07"]
[Time "18:24:51"]
[PlyCount "87"]
[TimeControl "180+2"]

1. d4 Nf6 2. Nc3 g6 3. Bf4 d5 4. e3 e6 5. Bd3 Bg7 6. h4 Qe7 7. Nf3 Nbd7 8.
Nb5 Nb6 9. Nxc7+ Kd8 10. Nxa8 Nh5 11. Bc7+ Ke8 12. Bxb6 axb6 13. Nxb6 Qc7
14. Na4 Bd7 15. Nc5 b6 16. Nxd7 Qxd7 17. c4 Ke7 18. cxd5 Qxd5 19. O-O Nf6
20. Qc2 Ne8 21. Qc3 h6 22. Qb4+ Nd6 23. e4 Qc6 24. e5 Rd8 25. exd6+ Rxd6
26. Rac1 Qd5 27. Rc7+ Kf8 28. Rd7 Kg8 29. Qxd6 Qxd6 30. Rxd6 Bxd4 31. Rxd4
e5 32. Nxe5 f6 33. Nxg6 Kg7 34. Rd6 h5 35. Rxb6 Kh6 36. Rxf6 Kg7 37. Rf5
Kh7 38. Rxh5+ Kg7 39. a4 Kg8 40. a5 Kf7 41. a6 Ke8 42. a7 Kd8 43. a8=Q+ Kc7
44. b4 { Black resigns } 1-0

[Event "ICC tourney 2530 (3 2)"]
[Site "Internet Chess Club"]
[Date "2021.04.23"]
[Round "2"]
[White "YANG, ANDREW:K09-16578406"]
[Black "GUERRERIO, CHRISTOPHER:K09-16206065"]
[Result "0-1"]
[ICCResult "White forfeits on time"]
[WhiteElo "1400"]
[BlackElo "1108"]
[Opening "QGD Slav: 4.Nc3"]
[ECO "D15"]
[NIC "SL.03"]
[Time "18:22:16"]
[PlyCount "116"]
[TimeControl "180+2"]

1. d4 d5 2. c4 c6 3. Nc3 Nf6 4. Nf3 Bg4 5. h3 Bh5 6. Bf4 e6 7. a3 Nbd7 8.
e3 Be7 9. cxd5 cxd5 10. Bd3 O-O 11. O-O h6 12. g4 Bg6 13. Bxg6 fxg6 14. Qd3
Kh7 15. Nh4 Qe8 16. Nb5 Bd8 17. Bd6 Rf7 18. Nxg6 Kg8 19. Ne5 Nxe5 20. dxe5
Ne4 21. Rfc1 a6 22. Nd4 Nxd6 23. exd6 Qd7 24. Rc3 Bh4 25. Rf1 Qxd6 26. Kg2
Rxf2+ 27. Rxf2 Qg3+ 28. Kh1 Qxf2 29. Qd1 Qxb2 30. Qc1 Qxc1+ 31. Rxc1 Rf8
32. Nxe6 Rf3 33. Rc8+ Kh7 34. Rc2 Rxh3+ 35. Kg2 Rxe3 36. Kf1 Rxe6 37. Rd2
Rd6 38. Kg2 Bg5 39. Rd4 Be3 40. Rd3 d4 41. Kf3 Bg5 42. Ke4 Bf6 43. Kf5 g6+
44. Kf4 h5 45. g5 Bg7 46. Ke4 h4 47. Kf4 h3 48. Rxh3+ Kg8 49. Rd3 Kf8 50.
Ke4 Ke7 51. Kf4 Ke6 52. Ke4 Kd7 53. Kf4 Kc6 54. Ke4 b5 55. Kf4 Kc5 56. Ke4
Kc4 57. Rd1 d3 58. Ke3 Kc3 { White forfeits on time } 0-1

[Event "ICC tourney 2530 (3 2)"]
[Site "Internet Chess Club"]
[Date "2021.04.23"]
[Round "2"]
[White "JOSHUA RAJESH, AADITYA:K09-16964021"]
[Black "KLEIN, ISAAC:K09-17334355"]
[Result "1/2-1/2"]
[ICCResult "Game drawn by repetition"]
[WhiteElo "1400"]
[BlackElo "1259"]
[Opening "Giuoco Piano"]
[ECO "C50"]
[NIC "IG.02"]
[Time "18:22:16"]
[PlyCount "162"]
[TimeControl "180+2"]

1. e4 e5 2. Nf3 Nc6 3. Bc4 Bc5 4. O-O Nf6 5. Nc3 O-O 6. d3 d6 7. h3 Nd4 8.
Nxd4 Bxd4 9. Ne2 Bc5 10. a3 Be6 11. Ba2 Bxa2 12. Rxa2 Qe7 13. b4 Qe6 14. c4
Bb6 15. Ra1 Bd4 16. Nxd4 exd4 17. Re1 Qe7 18. Bb2 c5 19. Qd2 Rfe8 20. b5 a6
21. a4 axb5 22. cxb5 b6 23. f3 Nh5 24. Kh2 Qe5+ 25. Kh1 Ng3+ 26. Kg1 Nh5
27. Rf1 Ng3 28. Rf2 Qf6 29. f4 Qg6 30. f5 Qh6 31. Qxh6 gxh6 32. Kh2 Nh5 33.
g4 Nf6 34. Bc1 h5 35. gxh5 Nxh5 36. Bh6 Kh8 37. Rg1 Rg8 38. Rxg8+ Rxg8 39.
Bf4 Nxf4 40. Rxf4 Re8 41. Rf1 Re5 42. h4 d5 43. Re1 dxe4 44. dxe4 c4 45.
Kg3 d3 46. Kf3 c3 47. Ke3 d2 48. Ra1 Re8 49. Kd3 Rd8+ 50. Kc2 Kg7 51. Rd1
Kf6 52. Kxc3 Ke5 53. Rxd2 Rc8+ 54. Kd3 Ra8 55. Ra2 Kf4 56. Re2 Rxa4 57. f6
Kg4 58. e5 Ra7 59. e6 fxe6 60. Rxe6 Rf7 61. Rxb6 Kxh4 62. Re6 Kg5 63. b6
Rb7 64. Re7 Rxb6 65. f7 Rf6 66. Re5+ Kg6 67. Re6 Kxf7 68. Rxf6+ Kxf6 69.
Ke3 h5 70. Kf3 Kg5 71. Kg3 h4+ 72. Kh3 Kh5 73. Kg2 Kg4 74. Kh2 h3 75. Kh1
Kh5 76. Kh2 Kg4 77. Kh1 Kh4 78. Kh2 Kg4 79. Kh1 Kg3 80. Kg1 Kh4 81. Kh2 Kg4
{ Game drawn by repetition } 1/2-1/2

[Event "ICC tourney 2530 (3 2)"]
[Site "Internet Chess Club"]
[Date "2021.04.23"]
[Round "2"]
[White "BIRADAVOLU, ASRITH:K12-14190950"]
[Black "WISNIOWSKI, NATALIE:K09-15702390"]
[Result "0-1"]
[ICCResult "White checkmated"]
[WhiteElo "1400"]
[BlackElo "1400"]
[Opening "Queen's pawn, Mason variation"]
[ECO "D00"]
[NIC "QP.08"]
[Time "18:21:40"]
[PlyCount "194"]
[TimeControl "180+2"]

1. d4 d5 2. Bf4 Nf6 3. e3 e6 4. Nd2 Bd6 5. Bg3 c5 6. c3 Qc7 7. Bd3 Nbd7 8.
Ngf3 O-O 9. O-O Bxg3 10. hxg3 e5 11. dxe5 Nxe5 12. Nxe5 Qxe5 13. Nf3 Qe7
14. Re1 Rd8 15. Qc2 Be6 16. Ng5 h6 17. Nxe6 Qxe6 18. Re2 Rac8 19. Rae1 Qc6
20. Bf5 Rc7 21. Rd2 Re8 22. Red1 g6 23. Bd3 c4 24. Be2 Rd8 25. g4 Ne4 26.
Rd4 Rcd7 27. Bf3 Nf6 28. a3 Qe6 29. Qd2 Kg7 30. a4 b6 31. Qe2 a6 32. Qd2
Qc6 33. Qc2 Rb8 34. b4 cxb3 35. Qxb3 Rc8 36. Rc1 Ne4 37. Bxe4 dxe4 38. Rxd7
Qxd7 39. Qxb6 Qd2 40. Qd4+ Qxd4 41. exd4 Kf6 42. Kf1 Ke6 43. Ke2 Kd5 44.
Ke3 f5 45. gxf5 gxf5 46. f3 exf3 47. gxf3 Re8+ 48. Kf4 Rf8 49. Ke3 Kc4 50.
Kf4 Kb3 51. a5 Kc4 52. Ke5 h5 53. d5 Re8+ 54. Kxf5 Kxd5 55. Rd1+ Kc4 56.
Rd4+ Kxc3 57. Rh4 Rf8+ 58. Ke4 Re8+ 59. Kd5 Rb8 60. Kc6 Rb5 61. f4 Rxa5 62.
Kb6 Rf5 63. Kxa6 Kd4 64. Kb6 Ke4 65. Rh1 Kxf4 66. Kc6 Kg4 67. Kd6 h4 68.
Ke6 Rf3 69. Ke5 h3 70. Ke4 Rg3 71. Rf1 Rg2 72. Ke3 Kg3 73. Rf3+ Kh2 74. Rf1
Rg1 75. Rf2+ Kh1 76. Kf3 h2 77. Re2 Rb1 78. Kg3 Rb3+ 79. Kf2 Rb1 80. Kg3
Rg1+ 81. Kf2 Rg2+ 82. Kf3 Rxe2 83. Kxe2 Kg1 84. Kf3 h1=Q+ 85. Kg4 Qg2+ 86.
Kf4 Qf2+ 87. Ke4 Kg2 88. Ke5 Qf3 89. Kd6 Qf5 90. Kc6 Qe5 91. Kb7 Qd6 92.
Kc8 Qe7 93. Kb8 Kf3 94. Ka8 Ke4 95. Kb8 Kd5 96. Ka8 Kc6 97. Kb8 Qb7# {
White checkmated } 0-1

[Event "ICC tourney 2530 (3 2)"]
[Site "Internet Chess Club"]
[Date "2021.04.23"]
[Round "3"]
[White "S SANDHU, ARYAN:K12-30160866"]
[Black "Y NG, EUGENE:K09-17199947"]
[Result "0-1"]
[ICCResult "White resigns"]
[WhiteElo "952"]
[BlackElo "1400"]
[Opening "Tennison (Lemberg, Zukertort) gambit"]
[ECO "B01"]
[NIC "VO.17"]
[Time "18:39:29"]
[PlyCount "30"]
[TimeControl "180+2"]

1. e4 d5 2. Nf3 dxe4 3. Ng5 Bf5 4. f3 exf3 5. gxf3 h6 6. Nh3 Nf6 7. Nc3 e6
8. f4 Ng4 9. Rg1 Qh4+ 10. Ke2 Nxh2 11. Nb5 Na6 12. Nf2 Bc5 13. Rg2 Bxf2 14.
Rxf2 Bg4+ 15. Rf3 Bxf3+ { White resigns } 0-1

[Event "ICC tourney 2530 (3 2)"]
[Site "Internet Chess Club"]
[Date "2021.04.23"]
[Round "3"]
[White "KUSHALNAGAR, NIRUPAM:K12-17349316"]
[Black "ANDREW TUSTIAN, JAMES:K09-17058206"]
[Result "1-0"]
[ICCResult "Black checkmated"]
[WhiteElo "1400"]
[BlackElo "1400"]
[Opening "Queen's pawn, Mason variation"]
[ECO "D00"]
[NIC "QP.08"]
[Time "18:39:19"]
[PlyCount "41"]
[TimeControl "180+2"]

1. d4 d5 2. Bf4 e6 3. e3 Bb4+ 4. c3 Bd6 5. Bg3 Nc6 6. Nf3 Nf6 7. Bd3 Na5 8.
Nbd2 Bd7 9. O-O Ba4 10. Qxa4+ Nc6 11. Bb5 O-O 12. Bxc6 Qe7 13. Bxd6 Qxd6
14. Bxb7 Rab8 15. Qc6 Qe7 16. Ne5 Nd7 17. Nxd7 Rfd8 18. Nxb8 Rxb8 19. Nb3
Qg5 20. Nc5 Rxb7 21. Qe8# { Black checkmated } 1-0

[Event "ICC tourney 2530 (3 2)"]
[Site "Internet Chess Club"]
[Date "2021.04.23"]
[Round "3"]
[White "WANG, OLLI:K09-17042860"]
[Black "HENDERSON, SAMUEL:K09-16605523"]
[Result "1-0"]
[ICCResult "Black checkmated"]
[WhiteElo "1400"]
[BlackElo "1400"]
[Opening "Danish gambit"]
[ECO "C21"]
[NIC "KP.04"]
[Time "18:39:26"]
[PlyCount "23"]
[TimeControl "180+2"]

1. e4 e5 2. d4 exd4 3. c3 dxc3 4. Nxc3 Nf6 5. Bc4 Nc6 6. Nf3 Bc5 7. e5 Nh5
8. Ng5 O-O 9. Qxh5 h6 10. Nxf7 Qe7 11. Nxh6+ Kh8 12. Nf5# { Black
checkmated } 1-0